← All builds
Geo sea / Armada / Economy first / OBSERVED BUILD

Standard geo sea

Armada Geo sea build order · Supreme Isthmus

The role's baseline: bot lab then shipyard in the cove, early destroyer and submarine to contest the sea, with geothermal powering the economy as the game transitions into a naval/amphibious mix.

Usually shipyard in the cove (89%)

#naval #eco · 1383 distinct matches · 176 players · 78% of Armada Geo sea games · team won 55% of 1539 · Recently observed

HOW TO PLAY IT

Key timing: Shipyard by 3:12

  1. Open 3 mex and wind, then drop Bot Lab by 1:12.
  2. Build Shipyard in the cove to start the naval contest.
  3. Pump submarine then destroyer to contest enemy sea entry.
  4. Add geothermal powerplant to fund the economy transition.
  5. Upgrade to Advanced Metal Extractor as eco scaling finishes.

Phase by phase

TYPICAL OF ITS 1383 GAMES
  1. 1
  2. 2
  3. 3
  4. 4
PLAY THE OPENING

Follow the example game's first 6:00 step by step: what to build now, what comes next, and where it goes. At 1× it keeps pace with your own game.

  1. 1

    Up to the Bot Lab

    Economy
    • Metal Extractor3Mex
    • Wind Turbine3Wind
    Order
    1. Bot LabBot Lab after 3 mex, 3 winddone ~1:12, middle half 1:06–1:18

    Some games also: wind for allies (46%)

    By 0:55 in all: 3 mex · 3 wind

    The example game in this phase · 4 steps
    1. Mex ×3
    2. Wind ×2for Air
    3. Wind
    4. Bot LabBot Labdone 1:18 · typical 1:12
  2. 2

    Bot Lab to Shipyard

    Economy
    • Metal Extractor1Mex
    • Wind Turbine1Wind
    Order
    1. ShipyardShipyard after 4 mex, 4 winddone ~3:11, middle half 2:48–3:37
    Builders
    • Construction Bot3 Con bot
    • Lazarus2 Lazarus

    Some games also: pawn (41%) · con turret (39%) · crossbow (38%)

    By 2:47 in all: 4 mex · 4 wind

    The example game in this phase · 5 steps
    1. LazarusLazarus
    2. Construction BotCon bot
    3. LazarusLazarus
    4. Construction BotCon bot
    5. ShipyardShipyarddone 2:25 · typical 3:11
  3. 3

    Shipyard to 5:00

    Economy
    • Metal Extractor4Mex
    • Wind Turbine2Wind
    Order
    1. Bot LabEat Bot Lab
    Builders
    • Construction Ship1 Con ship
    Army
    • Dolphin3 Dolphin
    • Skater1 Skater
    Other
    • Radar Tower1 Radar Tower

    Some games also: destroyer (48%) · submarine (44%) · Sentry (44%) · converter (33%) · con turret (32%)

    By 5:00 in all: 8 mex · 7 wind · 1 energy storage · 1 con turret

    The example game in this phase · 22 steps
    1. LazarusLazarus
    2. SkaterSkater
    3. Wind ×2
    4. Construction BotCon bot
    5. Mex
    6. SkaterSkater
    7. Wind
    8. DolphinDolphin
    9. LazarusLazarus
    10. DolphinDolphin
    11. Mex
    12. DolphinDolphin
    13. Con turret
    14. Bot LabEat Bot Labreclaimed for its metal
    15. DolphinDolphin
    16. NettleNettle
    17. Mex
    18. DolphinDolphin
    19. Construction ShipCon ship
    20. Radar TowerRadar Tower
    21. Wind ×2
    22. EelSubmarinedone 5:18 · typical 4:27
  4. 4

    5:00 to 10:00

    Economy
    • Metal Extractor2Mex
    • Wind Turbine12Wind
    • Energy Converter3Converter
    Builders
    • Construction Turret1 Con turret
    • Grim Reaper1 Grim Reaper
    • Construction Ship1 Con ship
    Army
    • Sentry1 Sentry
    • Dolphin4 Dolphin
    • Skater2 Skater
    • Corsair2 Destroyer

    Some games also: Harpoon (42%) · frigate (42%) · geo (42%) · Naval Construction Turret (35%) · submarine (30%)

    By 10:00 in all: 11 mex · 20 wind · 1 geo · 4 converter · 1 energy storage · 2 con turret

    The example game in this phase · 162 steps
    1. Wind
    2. Mex
    3. Con turret
    4. SkaterSkater
    5. Wind
    6. Mex
    7. SkaterSkater
    8. Wind
    9. Construction ShipCon ship
    10. Wind
    11. HarpoonHarpoon
    12. EelSubmarine
    13. Wind ×2
    14. Con turret
    15. Wind ×3
    16. Mex
    17. HarpoonHarpoon
    18. Wind ×3
    19. Naval Radar / Sonar TowerNaval Radar / Sonar Tower
    20. Wind
    21. Naval Radar / Sonar TowerNaval Radar / Sonar Tower
    22. Wind
    23. HarpoonHarpoon
    24. Wind
    25. CorsairDestroyerdone 7:59 · typical 5:40
    26. Wind ×3
    27. Converter ×2
    28. Wind
    29. Converter
    30. Wind
    31. HarpoonHarpoon
    32. Wind
    33. EllysawFrigate
    34. Wind ×4
    35. Con turret
    36. Wind
    37. Shark's TeethShark's Teeth
    38. Wind
    39. HarpoonHarpoon
    40. Shark's TeethShark's Teeth ×2
    41. Advanced Metal ExtractorT2 mexdone 9:44 · typical 9:20
    42. Con turret
    43. Wind
    44. Con turret ×3
    45. Advanced Metal ExtractorT2 mex
    46. Wind ×2
    47. Grim ReaperGrim Reaper
    48. Wind ×3
    49. EllysawFrigate
    50. Wind ×3
    51. Converter ×2
    52. EllysawFrigate
    53. Converter
    54. EllysawFrigate
    55. Wind
    56. SentrySentry
    57. Advanced Metal ExtractorT2 mex
    58. Wind
    59. SentrySentry
    60. Wind ×3
    61. SkaterSkater
    62. SentrySentry
    63. Wind
    64. Grim ReaperGrim Reaper
    65. Con turret
    66. ShipyardShipyarddone 12:10
    67. SentrySentry
    68. Wind
    69. Geothermal PowerplantGeodone 13:15 · typical 7:53
    70. SkaterSkater
    71. Wind
    72. SentrySentry
    73. Wind
    74. DolphinDolphin
    75. Wind ×2
    76. SkaterSkater
    77. Wind ×2
    78. SkaterSkater
    79. Construction ShipCon ship
    80. Wind
    81. Converter
    82. SkaterSkater
    83. Advanced Metal ExtractorT2 mex
    84. Dragon's TeethDragon's Teeth
    85. Converter
    86. Dragon's TeethDragon's Teeth ×2
    87. Grim ReaperGrim Reaper
    88. Converter
    89. Dragon's TeethDragon's Teeth ×2
    90. Con turret
    91. Dragon's TeethDragon's Teeth
    92. Wind
    93. Dragon's TeethDragon's Teeth
    94. Wind
    95. Dragon's TeethDragon's Teeth
    96. DolphinDolphin
    97. Dragon's TeethDragon's Teeth ×2
    98. Wind
    99. Dragon's TeethDragon's Teeth ×2
    100. Wind
    101. Dragon's TeethDragon's Teeth
    102. Wind
    103. Dragon's TeethDragon's Teeth
    104. Con turret
    105. Dragon's TeethDragon's Teeth ×2
    106. Wind
    107. Dragon's TeethDragon's Teeth ×3
    108. Con turret
    109. Dragon's TeethDragon's Teeth
    110. DolphinDolphin
    111. Con turret
    112. Dragon's TeethDragon's Teeth ×3
    113. Con turret
    114. Dragon's TeethDragon's Teeth ×4
    115. SkaterSkater
    116. Dragon's TeethDragon's Teeth
    117. Wind
    118. DolphinDolphin
    119. Dragon's TeethDragon's Teeth
    120. DolphinDolphin
    121. Dragon's TeethDragon's Teeth
    122. Wind
    123. Dragon's TeethDragon's Teeth
    124. Wind
    125. DolphinDolphin
    126. Dragon's TeethDragon's Teeth
    127. Wind
    128. DolphinDolphin
    129. Dragon's TeethDragon's Teeth
    130. Wind
    131. Dragon's TeethDragon's Teeth
    132. DolphinDolphin
    133. Wind
    134. Dragon's TeethDragon's Teeth
    135. SkaterSkater
    136. Wind
    137. Dragon's TeethDragon's Teeth ×2
    138. DolphinDolphin
    139. Wind
    140. Dragon's TeethDragon's Teeth
    141. DolphinDolphin
    142. Dragon's TeethDragon's Teeth
    143. Converter
    144. DolphinDolphin
    145. Advanced Metal ExtractorT2 mex
    146. Converter
    147. DolphinDolphin
    148. Converter
    149. DolphinDolphin
    150. SkaterSkater
    151. Wind
    152. DolphinDolphin
    153. Wind
    154. DolphinDolphin
    155. Wind
    156. DolphinDolphin
    157. Wind
    158. DolphinDolphin
    159. Con turret
    160. Advanced ShipyardAdvanced Shipyardnot finished by 15:00
    161. DolphinDolphin
    162. Wind ×2

Counts are medians over the build's games: half of them build more, half fewer. The example game is JesterB's (31 OS, 14/10/2026); pick another.

Team trades

IN AT LEAST 30% OF ITS GAMES

You hand over

  • Wind Turbine2 Wind to Airfirst at 1:40 · in 64% of games

You get

  • Finch1 Finch from Airfirst at 1:53 · in 74% of games
  • Hercules1 Light transport from Airfirst at 2:04 · in 65% of games
  • Advanced Construction Bot1 T2 con bot from Techfirst at 7:43 · in 90% of games

How it plays out

Typical game of this build, running totals by minute

Metal produced

010k20k30k
0:005:0010:0015:00

metal

Enemy metal destroyed

05k10k
0:005:0010:0015:00

metal

Own metal lost

02.5k5k7.5k
0:005:0010:0015:00

metal

1539 games.

Show as table
ByMetal produced: This buildEnemy metal destroyed: This buildOwn metal lost: This build
1:0039500
2:0092800
3:00159900
4:002876040
5:00412619054
6:005516531292
7:007055991625
8:00872116851035
9:001057924611595
10:001280633692241
11:001538944353116
12:001848154923794
13:002180264584582
14:002543775645367
15:002900384596155
WHAT THE NUMBERS SAY

Standard Geo sea play wins slightly less than half the time but builds a strong metal base by 15:00 with moderate losses.

  • + Metal produced reaches 29210 by 15:00, well above Beach sea's early pace.
  • + Corsair (destroyer) makes up 34% of army, a clear naval focus.
  • − Own metal lost climbs to 6339 by 15:00 from sea skirmishes.
  • − Geothermal only completes in 58% of games, an inconsistent power spike.
THE EXAMPLE YOU ARE READING

JesterB

31.3 OS · 14/10/2026

Open source match ↗

3 received units · includes a constructor
61 metal received · 2690 energy received

Allied construction assistance is unknown. Timings are observations, not a promise of solo reproducibility.

Typical milestones

Bot Lab1:12Middle 50%: 1:06–1:18 · n=1496
Shipyard3:11Middle 50%: 2:48–3:37 · n=1518
Eel4:27Middle 50%: 3:46–5:37 · n=939
Corsair5:40Middle 50%: 4:57–6:39 · n=1417
Geothermal Powerplant7:53Middle 50%: 6:49–9:30 · n=974
Advanced Metal Extractor9:20Middle 50%: 8:38–10:10 · n=1347

Played most by

_X_136games of this buildJesterB69games of this buildOptimusprimenutt61games of this buildhaaven55games of this buildpyrothraxus51games of this build
Standard geo sea · Armada Geo sea build order · BAR Build Atlas